 Dungeon Crawl Stone Soup version 0.30-a0-1050-g2766ea1e55 (webtiles) character file.

Game seed: 13944356217913189965

291 Arcadio the Merchant of Misery (level 6, -3/45 HPs)
             Began as a Ghoul Necromancer on Apr 10, 2023.
             Was a Believer of Kikubaaqudgha.
             Slain by a sky beast (6 damage)
             ... on level 4 of the Dungeon.
             The game lasted 00:16:23 (3756 turns).

Arcadio the Merchant of Misery (Ghoul Necromancer)  Turns: 3756, Time: 00:16:23

Health: -3/45      AC:  2    Str: 12    XL:     6   Next: 32%
Magic:  8/10       EV: 12    Int: 12    God:    Kikubaaqudgha [**....]
Gold:   148        SH:  0    Dex:  9    Spells: 3/11 levels left

rFire   . . .      SeeInvis .    i - +3 dagger (vamp)
rCold   + . .      Faith    .    (no shield)
rNeg    + + +      Spirit   .    w - +0 robe {Will+}
rPois   ∞          Reflect  .    (no helmet)
rElec   .          Rampage  .    (no cloak)
rCorr   .                        (no gloves)
Will    ++...                    (no boots)
Stlth   ++                       e - amulet of magic regeneration
HPRegen 0.00/turn                n - ring of willpower
MPRegen 0.52/turn                (no ring)

@: inhibited regen
A: claws 1, cold resistance 1, negative energy resistance 3, inhibited
regeneration, torment resistance 2, devour on kill
a: Renounce Religion, Unearth Wretches


You were on level 4 of the Dungeon.
You worshipped Kikubaaqudgha.
Kikubaaqudgha was pleased with you.
You visited 1 branch of the dungeon, and saw 4 of its levels.
You also visited: Sewer.

You collected 148 gold pieces.

Inventory:

Hand Weapons
 i - a +3 vampiric dagger (weapon)
 k - a +0 flail of flaming
 y - a +2 short sword of distortion
Missiles
 p - 2 poisoned darts
Armour
 a - a +0 robe
 w - a +0 robe of willpower (worn)
 x - the +1 robe "Lirru" {Str+2}
   (You took it off a hobgoblin on level 4 of the Dungeon)

   Str:       It affects your strength (+2).
Jewellery
 e - an amulet of magic regeneration (around neck)
 n - a ring of willpower (left claw)
 v - a ring of protection from fire
Wands
 d - a wand of roots (11)
Scrolls
 c - 2 scrolls of poison
 f - a scroll of amnesia
 g - a scroll of teleportation
 m - a scroll of acquirement {unknown}
 q - a scroll of blinking {unknown}
 u - a scroll of immolation {unknown}
Potions
 b - 2 potions of magic
 h - a potion of attraction
 j - a potion of brilliance
 l - 2 potions of cancellation {unknown}
 o - 5 potions of curing
 r - 2 potions of haste {unknown}
 s - a potion of might {unknown}
 t - a potion of heal wounds {unknown}


   Skills:
 + Level 3.6 Dodging
 - Level 2.1 Stealth
 + Level 3.3 Spellcasting
 + Level 5.3 Necromancy


You had 3 spell levels left.
You knew the following spells:

 Your Spells              Type           Power      Damage    Failure   Level
a - Necrotise             Necr           56%        1d6       2%          1
b - Vampiric Draining     Necr           14%        2d7       8%          3
c - Animate Dead          Necr           14%        N/A       26%         4

Your spell library contained the following spells:

 Spells                   Type           Power      Damage    Failure   Level
 Cigotuvi's Dreadful Rot  Necr/Pois/Air  12%        N/A       17%         2
 Shock                    Conj/Air       8%         1d3       24%         1
 Ensorcelled Hibernation  Hex/Ice        4%         N/A       34%         2
 Swiftness                Air            2%         N/A       56%         3
 Agony                    Necr           14%        N/A       58%         5
 Anguish                  Hex/Necr       4%         N/A       61%         4
 Airstrike                Air            1%         2d(1-17)  93%         4
 Spider Form              Tmut/Pois      Unusable   N/A       N/A         3

Dungeon Overview and Level Annotations

Branches:
Dungeon (4/15) Zot: 20892   Sewer (visited)
 Temple: D:4-7

Altars:
Fedhas
Kikubaaqudgha
Nemelex Xobeh
Qazlal
Sif Muna


Innate Abilities, Weirdness & Mutations

You are immune to poison.
You have sharp fingernails.
Your flesh is cold resistant. (rC+)
You are immune to negative energy. (rN+++)
You do not regenerate when monsters are visible.
You are immune to unholy pain and torment.
You thrive by killing the living.


Message History

The sky beast is lightly wounded.
The sky beast barely misses you.
You hit the sky beast.
You feel better.
The sky beast is moderately wounded.
The sky beast closely misses you.
You hit the sky beast.
The sky beast is moderately wounded.
The sky beast barely misses you.
You hit the sky beast.
The sky beast is moderately wounded.
The sky beast misses you.
You closely miss the sky beast.
The sky beast is moderately wounded.
The sky beast hits you. The sky beast shocks you.
You barely miss the sky beast.
The sky beast is moderately wounded.
The sky beast hits you. The sky beast shocks you.
You hit the sky beast but do no damage. Your claw misses the sky beast.
The sky beast is moderately wounded.
The sky beast hits you. The sky beast shocks you.
Casting: Necrotise (safe; 2% risk of failure)
Confirm with . or Enter, or press ? or * to list all spells.
Aiming: Vampiric Draining (dangerous; 8% risk of failure)
Press: ? - help, Shift-Dir - straight line, f/p - sky beast
Aim: a sky beast (moderately wounded)
You draw life force from the sky beast!
You feel life coursing into your body.
The sky beast flickers out of sight!
Deactivating autopickup; reactivate with Ctrl-A.
Something hits you. Something shocks you.
Casting: Vampiric Draining (dangerous; 8% risk of failure)
Confirm with . or Enter, or press ? or * to list all spells.
You can't see any susceptible monsters within range! (Use Z to cast anyway.) Unknown command.
Something hits you. Something shocks you.
* * * LOW HITPOINT WARNING * * *
Something hits you.
* * * LOW HITPOINT WARNING * * *
Something shocks you.
You die...
Kikubaaqudgha rasps: "You have failed me!
Welcome... oblivion!"

##....##...........
#..................
#..................
#.....##.......##..
######....##.......##..
##...##....##...........
#....##....##÷..........
######...#..................
######...##...#.@................
....#..)......#.........)........
....#.........O..................
....#....##...##.................
....##...##...##....##......###..
###'#######...##....##......# ###
....##...##..........# ... .
.....#....#..........# .
.....#....#..........# .


You could see an ogre.

Vanquished Creatures
  3 jellies (Sewer)
  An orc wizard (D:3)
  6 adders
  3 worms
  2 dart slugs
  10 orcs
  13 endoplasms
  4 giant cockroaches
  5 goblins
  9 hobgoblins
  4 jackals (D:1)
  4 kobolds
  2 quokkas
  9 ball pythons
  6 bats
  10 frilled lizards
  9 rats
100 creatures vanquished.

Vanquished Creatures (collateral kills)
  A giant cockroach (D:3)
  2 rats
3 creatures vanquished.

Grand Total: 103 creatures vanquished

Notes
Turn   | Place    | Note
-------+----------+-------------------------------------------
     0 | D:1      | Arcadio the Ghoul Necromancer began the quest for the Orb.
     0 | D:1      | Reached XP level 1. HP: 14/14 MP: 2/2
   140 | D:1      | Reached XP level 2. HP: 20/20 MP: 2/4
   806 | D:1      | Reached XP level 3. HP: 26/26 MP: 2/5
   810 | D:1      | Learned a level 3 spell: Vampiric Draining
  1780 | D:3      | Reached XP level 4. HP: 25/33 MP: 1/6
  1801 | D:3      | Found a stormy altar of Qazlal.
  1802 | D:3      | Found a shimmering blue altar of Sif Muna.
  1812 | D:3      | Found a sparkling altar of Nemelex Xobeh.
  1814 | D:3      | Found a blossoming altar of Fedhas.
  1815 | D:3      | Found an ancient bone altar of Kikubaaqudgha.
  1824 | D:3      | Became a worshipper of Kikubaaqudgha
  2026 | D:3      | Found a glowing drain.
  2043 | Sewer    | Entered a sewer
  2164 | Sewer    | Reached * piety under Kikubaaqudgha
  2164 | Sewer    | Received a gift from Kikubaaqudgha
  2358 | Sewer    | Found a viscous altar of Jiyva.
  2366 | Sewer    | Reached XP level 5. HP: 11/38 MP: 3/8
  2490 | Sewer    | Reached skill level 5 in Necromancy
  2997 | D:3      | Reached XP level 6. HP: 41/45 MP: 9/9
  3005 | D:3      | Learned a level 4 spell: Animate Dead
  3086 | D:4      | Identified the +1 robe "Lirru" {Str+2}
  3343 | D:3      | Reached ** piety under Kikubaaqudgha
  3456 | D:4      | Noticed a sky beast
  3756 | D:4      | Slain by a sky beast

Illustrated notes

Levels and vault maps discovered:
D:1:      erik_arrival_orb_chamber, layout_loops_ring, minmay_tromino_v7
D:2:      layout_rooms, kennysheep_donut, minmay_cut_off
D:3:      layout_rooms, grunt_temple_overflow_open, portal_sewer_entry_e
D:4:      layout_gridville, grunt_dithmenos_smoke

Skill      XL: |  1  2  3  4  5 |
---------------+----------------+-----
Dodging        | 2 3 |  3.6
Spellcasting   | 2 3 |  3.3
Necromancy     | 5 |  5.3
Stealth        | |  2.1

Action                     |  1- 3 |  4- 6 || total
---------------------------+-------+-------++-------
  Melee: Unarmed           |    21 |       ||    21
         Dagger            |   120 |   259 ||   379
         Punch             |     2 |     4 ||     6
   Cast: Necrotise         |    38 |    30 ||    68
         Vampiric Draining |       |     4 ||     4
    Use: Scroll            |    12 |     1 ||    13
   Stab: Sleeping          |     1 |     2 ||     3
 Armour: Robe              |    33 |    24 ||    57
  Dodge: Dodged            |    93 |   136 ||   229

Table legend: (Time is in decaauts)
 A = Elapsed time spent in this place.
 B = Non-inter-level travel time spent in this place.
 C = Inter-level travel time spent in this place.
 D = Time resting spent in this place.
 E = Time spent auto-exploring this place.
 F = Levels seen in this place.
 G = Mean time per level.
                   A        B        C        D        E       F      G
               +--------+--------+--------+--------+--------+-----+--------+
         Total |   3783 |   3744 |     39 |    264 |   1954 |   5 |  756.6 |
       Dungeon |   3107 |   3068 |     39 |    136 |   1609 |   4 |  776.8 |
         Sewer |    676 |    676 |      0 |    128 |    344 |   1 |  676.0 |
               +--------+--------+--------+--------+--------+-----+--------+

Top non-repeatable levels by time:
     D:1: 943 daAuts
     D:3: 806 daAuts
     D:2: 755 daAuts
   Sewer: 676 daAuts
     D:4: 602 daAuts
